 Dungeon Crawl Stone Soup version 0.20.0 (webtiles) character file.

282 Stral the Chopper (level 6, -5/56 HPs)
             Began as a Minotaur Berserker on June 1, 2017.
             Was a Believer of Trog.
             Splashed by Ijyb's acid (11 damage)
             ... on level 3 of the Dungeon.
             The game lasted 00:11:40 (1906 turns).

Stral the Chopper (Minotaur Berserker)              Turns: 1906, Time: 00:11:41

Health: -5/56      AC:  1    Str: 24    XL:     6   Next: 6%
Magic:  5/5        EV: 12    Int:  4    God:    Trog [**....]
Gold:   158        SH:  0    Dex:  9    Spells: 5/5 levels left

rFire    . . .     SeeInvis .   a - +0 hand axe
rCold    . . .     Gourm    .   (no shield)
rNeg     . . .     Faith    .   k - +0 ring mail (curse)
rPois    .         Spirit   .   (helmet restricted)
rElec    .         Reflect  .   (no cloak)
rCorr    .         Harm     .   (no gloves)
MR       .....                  (no boots)
Stlth    ..........             (no amulet)
Regen    0.2/turn               (no ring)
MPRegen  0.1/turn               (no ring)

@: corroded
A: retaliatory headbutt, horns 2
a: Berserk, Trog's Hand, Burn Spellbooks, Renounce Religion


You were on level 3 of the Dungeon.
You worshipped Trog.
Trog was pleased with you.
You were very hungry.

You visited 1 branch of the dungeon, and saw 3 of its levels.

You collected 158 gold pieces.

Inventory:

Hand Weapons
 a - a +0 hand axe (weapon)
Armour
 b - a +0 animal skin
 k - a cursed +0 ring mail (worn)
Scrolls
 d - a scroll of remove curse {unknown}
 e - a scroll of magic mapping {unknown}
 i - 5 scrolls of identify {unknown}
 j - a scroll of enchant armour {unknown}
Potions
 f - 3 potions of heal wounds {unknown}
 g - 2 potions of might {unknown}
 l - 2 potions of lignification {unknown}
 m - a potion of agility {unknown}
 n - a potion of curing {unknown}
 o - a potion of invisibility {unknown}
Comestibles
 c - a bread ration
 h - a royal jelly
 p - a meat ration


   Skills:
 + Level 5.1 Fighting
 + Level 6.0 Axes
 + Level 3.7 Armour
 + Level 3.2 Dodging
 + Level 0.3 Stealth


You had 5 spell levels left.
You didn't know any spells.

Dungeon Overview and Level Annotations

Branches:
Dungeon (3/15)

Altars:
Ashenzari
Elyvilon
Qazlal

Annotations:
D:3 Ijyb


Innate Abilities, Weirdness & Mutations

You reflexively headbutt those who attack you in melee.
You have a pair of horns on your head.


Message History

You see here a shiny buckler.
Ijyb the Twisted Goblin comes into view.
She is wielding a dagger.
Ijyb shouts!
Ijyb is nearby!
Ijyb zaps a wand.
The bolt of acid misses you.
It is a wand of acid (?/15).
You are feeling very hungry.
You closely miss Ijyb. Ijyb hits you but does no damage.
You closely miss Ijyb.
Ijyb zaps a wand.
The bolt of acid hits you! The acid corrodes you!
You are splashed with acid!
The acid burns!
You completely miss Ijyb. Ijyb hits you with a dagger.
You barely miss Ijyb. Your headbutt misses Ijyb.
Ijyb hits you but does no damage.
You closely miss Ijyb. You headbutt Ijyb, but do no damage.
Ijyb hits you with a dagger.
You hit Ijyb but do no damage. You headbutt Ijyb.
Ijyb is lightly wounded.
Ijyb zaps a wand.
The bolt of acid hits you!
* * * LOW HITPOINT WARNING * * *
You are splashed with acid!
The acid burns!
You die...

#........######.#
#............≈..#
#....≈..≈.≈.....
#.......≈≈≈≈....
##...###≈##≈....
#...≈≈≈≈≈≈....[
#.≈≈≈≈._≈#.....
#.≈≈#≈.>≈≈.....
#@≈≈≈≈≈≈≈#≈ ..#
#g.≈#.#.#≈≈
#.....≈.≈≈≈
#.........
#........
###.#...# .#....
.# ###


You could see Ijyb.

Vanquished Creatures
  Sigmund (D:2)
  Terence (D:3)
  Natasha (D:3)
  Robin (D:2)
  A worm (D:2)
  A dart slug (D:1)
  2 leopard geckos (D:2)
  2 giant cockroaches
  17 goblins
  3 hobgoblins
  6 kobolds
  2 ball pythons (D:2)
  9 bats
  10 rats
57 creatures vanquished.

Notes
Turn   | Place    | Note
-------+----------+-------------------------------------------
     0 | D:1      | Stral the Minotaur Berserker began the quest for the Orb.
     0 | D:1      | Reached XP level 1. HP: 19/19 MP: 0/0
   106 | D:1      | Reached XP level 2. HP: 14/27 MP: 1/1
   477 | D:1      | Reached skill level 4 in Axes
   845 | D:2      | Found a white marble altar of Elyvilon.
   847 | D:2      | Noticed Sigmund
   859 | D:2      | Killed Sigmund
   859 | D:2      | Reached skill level 5 in Fighting
   859 | D:2      | Reached skill level 5 in Axes
   859 | D:2      | Reached XP level 3. HP: 36/36 MP: 2/2
   859 | D:2      | Reached XP level 4. HP: 42/42 MP: 3/3
   859 | D:2      | Reached XP level 5. HP: 48/48 MP: 4/4
   966 | D:2      | Reached ** piety under Trog
  1178 | D:2      | Noticed Robin
  1192 | D:2      | Killed Robin
  1616 | D:3      | Noticed Terence
  1622 | D:3      | Killed Terence
  1640 | D:3      | Found a shattered altar of Ashenzari.
  1721 | D:3      | Noticed Natasha
  1728 | D:3      | Killed Natasha
  1728 | D:3      | Reached skill level 6 in Axes
  1728 | D:3      | Reached XP level 6. HP: 36/56 MP: 5/5
  1887 | D:3      | Found a stormy altar of Qazlal.
  1897 | D:3      | Noticed Ijyb
  1906 | D:3      | Splashed by Ijyb's acid

Skill      XL: |  1  2  3  4  5 |
---------------+----------------+-----
Fighting       | 5 |  5.1
Axes           | 5 6 |  6.0
Armour         | 3 |  3.7
Dodging        | 3 |  3.2
Stealth        | |  0.3

Action                   |  1- 3 |  4- 6 || total
-------------------------+-------+-------++-------
Melee: Hand axe          |    38 |    75 ||   113
       Headbutt          |     6 |    11 ||    17
Invok: Berserk           |     1 |     1 ||     2
  Eat: Chunk             |       |     4 ||     4
Armor: Animal skin       |     5 |       ||     5
       Ring mail         |     2 |    27 ||    29
Dodge: Dodged            |    17 |    42 ||    59
